 Dungeon Sprint DCSS version 0.29-a0-1008-g949cc1d0fb (webtiles) character file.

Game seed: 529071588059101985

30118 mhtbhm the Ninja (level 13, -5/86 HPs)
             Began as a Spriggan Brigand on Aug 7, 2022.
             Was the Champion of Dithmenos.
             Killed themself with a badly aimed burst of rock shards (18 damage)
             ... in the Dungeon (Sprint III: "The Ten Rune Challenge").
             The game lasted 00:14:14 (4694 turns).

mhtbhm the Ninja (Spriggan Brigand)                 Turns: 4694, Time: 00:14:15

Health: -5/86      AC:  4    Str:  5    XL:     13   Next: 18%
Magic:  25/25      EV: 29    Int: 21    God:    Dithmenos [******]
Gold:   72         SH:  0    Dex: 19    Spells: 12/12 levels left

rFire   . . .      SeeInvis +   a - +5 rapier (venom)
rCold   . . .      Faith    .   (no shield)
rNeg    + + +      Spirit   .   b - +1 robe of Kleptomania {Contam Fly rN+++ Will+++}
rPois   .          Reflect  .   (helmet restricted)
rElec   .          Harm     .   c - +0 cloak
rCorr   .          Rampage  .   (gloves unavailable)
Will    +++++      NoTele   +   (boots unavailable) Stlth *********+
                                (no amulet)
HPRegen 0.24/turn               (no ring)
MPRegen 0.19/turn               (no ring)

@: flying, wreathed by umbra, very quick
A: very small, no large weapons, unfitting armour, see invisible, speed 3,
clever 2, robust 2
a: Renounce Religion, Shadow Step, Shadow Form


You were in the Dungeon.
You worshipped Dithmenos.
Dithmenos was exalted by your worship.
You visited 1 branch You collected 832 gold pieces.
You spent 760 gold pieces at shops.

Inventory:

Hand Weapons
 a - a +5 rapier of venom (weapon)
Missiles
 d - 6 curare-tipped darts
 e - 7 poisoned darts (quivered)
Armour
 b - the +1 robe of Kleptomania (worn) {Contam Fly rN+++ Will+++}
   (You bought it in a shop in the Dungeon)

   rN:        It renders you almost immune to negative energy.
   Fly:       It grants you flight.
   Contam:    It causes magical contamination when unequipped.
   Will:      It greatly increases your willpower.
 c - a +0 cloak (worn)
 g - a +1 robe of willpower
Scrolls
 j - a scroll of blinking
 m - 5 scrolls of torment {unknown}
 n - 3 scrolls of identify {unknown}
Potions
 f - 3 potions of curing
 h - 3 potions of haste
 i - 2 potions of magic
 k - a potion of berserk rage
 l - a potion of degeneration {unknown}
 o - 2 potions of flight {unknown}
 p - a potion of brilliance {unknown}
 q - a potion of mutation
 s - 2 potions of might
Miscellaneous
 t - a tin of tremorstones (2/2)


   Skills:
 + Level 10.2 Fighting
 + Level 15.1 Short Blades
 + Level 15.6 Throwing
 + Level 14.7 Dodging
 O Level 27 Stealth
 * Level 15.1 Invocations
 + Level 10.2 Evocations


You had 12 spell levels left.
You didn't know any spells.
Your spell library contained the following spells:

 Spells                   Type           Power      Damage    Failure   Level
 Slow                     Hex            0%         N/A       19%         1
 Sublimation of Blood     Necr           0%         N/A       26%         2
 Confusing Touch          Hex            0%         N/A       47%         3
 Dazzling Flash           Conj/Hex       0%         N/A       47%         3
 Vampiric Draining        Necr           0%         2d6       47%         3
 Hailstorm                Conj/Ice       0%         3d3       87%         4
 Ice Form                 Ice/Tmut       0%         N/A       87%         4
 Iskenderun's Mystic Bla  Conj/Tloc      0%         2d3       87%         4
 Petrify                  Tmut/Erth      0%         N/A       87%         4
 Irradiate                Conj/Tmut      0%         3d11      99%         5
 Simulacrum               Ice/Necr       0%         N/A       100%        6
 Starburst                Conj/Fire      0%         6d3       100%        6


Dungeon Overview and Level Annotations

Branches:
Dungeon (1/1)

Altars:
Cheibriados
Dithmenos
Elyvilon
Fedhas
Gozag
Hepliaklqana
Kikubaaqudgha
Makhleb
Nemelex Xobeh
Okawaru
Qazlal
Ru
Sif Muna
Trog
Uskayaw
Vehumet
Wu Jian
Xom
Yredelemnul
Zin
The Shining One
Jiyva
Lugonu

Shops:
D ((!:=*(?[![(

Annotations:
D exclusion: obsidian statue


Innate Abilities, Weirdness & Mutations

You are very small and have problems with some larger weapons.
You are too small for most types of armour.
You have supernaturally acute eyesight. (SInv)
You cover ground extremely quickly. (Speed+++)
Your mind is very acute. (Int +8, Str/Dex -2)
You are very robust. (+20% HP)


Message History

The skeletal warrior is moderately damaged.
The skeletal warrior barely misses you.
You hit the skeletal warrior but do no damage.
The skeletal warrior is lightly damaged.
Your shadow hits the skeletal warrior but does no damage.
You hit the skeletal warrior.
The skeletal warrior is moderately damaged.
The skeletal warrior completely misses you.
You hit the skeletal warrior.
The skeletal warrior is moderately damaged.
Your shadow hits the skeletal warrior but does no damage.
You hit the skeletal warrior.
The skeletal warrior is moderately damaged.
Your shadow misses the skeletal warrior.
The skeletal warrior completely misses you.
You hit the skeletal warrior.
The skeletal warrior is moderately damaged.
Your shadow hits the skeletal warrior but does no damage.
You hit the skeletal warrior.
The skeletal warrior is moderately damaged.
The skeletal warrior hits you with a +0 war axe!
You emit a cloud of dark smoke.
You are too injured to fight recklessly!
You are too injured to fight recklessly!
You are too injured to fight recklessly!
You are too injured to fight recklessly!
You are too injured to fight recklessly!
You are too injured to fight recklessly!
You are too injured to fight recklessly!
You are too injured to fight recklessly!
There is an open door here.
You hear a loud "Zot"!
The tremorstone explodes into fragments!
The burst of rock shards engulfs the skeletal warrior.
The burst of rock shards engulfs you!!
* * * LOW HITPOINT WARNING * * *
You emit a cloud of dark smoke.
The burst of rock shards engulfs the skeletal warrior but does no damage.
The burst of rock shards engulfs you!!
You die...

)....#.#..').....#
.#)#.'.#..#......#
..#..#.#..#......#
)....###########'#
###### #########.#
#)#)#)#.#.#
+#+#+#§#§#'#'#§#
......§§§§§...§§#
...^..§§§§.z..§@#
#+#+#+#§#§#'#'#§#
#§#§#.#.#.#
▓▓▓▓▓▓▓▓▓▓▓


You could see a skeletal warrior.

Vanquished Creatures
  Frederick (D)
  2 bone dragons (D)
  A lich (D)
  Chuck (D)
  2 shadow dragons (D)
  Dowan (D)
  A vampire knight (D)
  Snorg (D)
  A fire dragon (D)
  A yaktaur captain (D)
  An ogre mage (D)
  2 centaur warriors (D)
  4 dancing weapons (D)
  3 orc high priests (D)
  2 skeletal warriors (D)
  A deep elf pyromancer (D)
  An orc sorcerer (D)
  An obsidian statue (D)
  4 crystal guardians (D)
  A faun (shapeshifter) (D)
  An eye of devastation (shapeshifter) (D)
  Duvessa (D)
  2 unseen horrors (D)
  A guardian mummy (D)
  A queen bee (D)
  4 spriggan defenders (D)
  10 slime creatures (D)
  A shadow (D)
  A redback (shapeshifter) (D)
  A spatial vortex (D)
  3 orc warriors (D)
  2 centaurs (D)
  An earth elemental (D)
  2 wandering mushrooms (D)
  A necrophage (D)
  A water elemental (D)
  32 killer bees (D)
  4 orc priests (D)
  A jelly (D)
  Crazy Yiuf (D)
  Jessica (D)
  A wizard (D)
  A necromancer (D)
  3 orc wizards (D)
  3 humans (D)
  A kobold demonologist (D)
  An adder zombie (D)
  8 orcs (D)
  A bat zombie (D)
  3 rats (D)
126 creatures vanquished.

Vanquished Creatures (others)
  A wandering mushroom (D)
  A bush (D)
  2 plants (D)
4 creatures vanquished.

Grand Total: 130 creatures vanquished

Notes
Turn   | Place    | Note
-------+----------+-------------------------------------------
     0 | D        | mhtbhm the Spriggan Brigand began the quest for the Orb.
     0 | D        | Reached XP level 1. HP: 10/10 MP: 2/2
    10 | D        | Reached skill level 6 in Stealth
    25 | D        | Noticed Jessica
    28 | D        | Killed Jessica
    29 | D        | Reached skill level 9 in Stealth
    29 | D        | Reached XP level 2. HP: 15/15 MP: 3/3
    48 | D        | Reached skill level 10 in Stealth
    65 | D        | Noticed Crazy Yiuf
    68 | D        | Killed Crazy Yiuf
    69 | D        | Reached skill level 11 in Stealth
    69 | D        | Reached XP level 3. HP: 18/18 MP: 4/4
    73 | D        | Reached skill level 12 in Stealth
    73 | D        | Reached XP level 4. HP: 23/23 MP: 5/5
   107 | D        | Gained mutation: You are robust. (+10% HP) [potion of
                  | mutation]
   107 | D        | Gained mutation: You are weak. (Str -2) [potion of
                  | mutation]
   107 | D        | Gained mutation: You expend magic power (3 MP) to
                  | strengthen your wands. [potion of mutation]
   109 | D        | Lost mutation: You are weak. (Str -2) [potion of mutation]
   109 | D        | Lost mutation: You expend magic power (3 MP) to strengthen
                  | your wands. [potion of mutation]
   109 | D        | Lost mutation: You are robust. (+10% HP) [potion of
                  | mutation]
   109 | D        | Gained mutation: You are frail. (-10% HP) [potion of
                  | mutation]
   109 | D        | Gained mutation: Your mind is acute. (Int +4, Str/Dex -1)
                  | [potion of mutation]
   109 | D        | Gained mutation: You are very frail. (-20% HP) [potion of
                  | mutation]
   109 | D        | Gained mutation: Your mind is very acute. (Int +8, Str/Dex
                  | -2) [potion of mutation]
   110 | D        | Lost mutation: Your mind is very acute. (Int +8, Str/Dex
                  | -2) [potion of mutation]
   110 | D        | Lost mutation: You are very frail. (-20% HP) [potion of
                  | mutation]
   110 | D        | Lost mutation: You are frail. (-10% HP) [potion of
                  | mutation]
   110 | D        | Gained mutation: You are robust. (+10% HP) [potion of
                  | mutation]
   110 | D        | Gained mutation: You have hidden genetic potential. [potion
                  | of mutation]
   197 | D        | Noticed a water elemental
   199 | D        | Killed a water elemental
   200 | D        | Reached skill level 14 in Stealth
   211 | D        | Found a shadowy altar of Dithmenos.
   211 | D        | Noticed a necrophage
   212 | D        | Found a basalt altar of Yredelemnul.
   212 | D        | Found a sacrificial altar of Ru.
   214 | D        | Reached XP level 5. HP: 29/29 MP: 6/6
   215 | D        | Reached skill level 16 in Stealth
   234 | D        | Became a worshipper of Dithmenos the Shadowed
   243 | D        | Gained mutation: You are very robust. (+20% HP) [hidden
                  | potential]
   249 | D        | Found a radiant altar of Vehumet.
   250 | D        | Found a shimmering blue altar of Sif Muna.
   250 | D        | Found an ancient bone altar of Kikubaaqudgha.
   266 | D        | Found a glowing silver altar of Zin.
   267 | D        | Found a glowing golden altar of the Shining One.
   267 | D        | Found a white marble altar of Elyvilon.
   267 | D        | Noticed a deep elf pyromancer
   269 | D        | Killed a deep elf pyromancer
   269 | D        | Reached * piety under Dithmenos
   270 | D        | Reached skill level 5 in Throwing
   270 | D        | Reached skill level 21 in Stealth
   270 | D        | Reached XP level 6. HP: 38/39 MP: 7/7
   270 | D        | Reached XP level 7. HP: 43/44 MP: 8/8
   280 | D        | Found a hide-covered altar of Uskayaw.
   280 | D        | Found an iron altar of Okawaru.
   280 | D        | Gained mutation: Your mind is very acute. (Int +8, Str/Dex
                  | -2) [hidden potential]
   280 | D        | Lost mutation: You have hidden genetic potential. [hidden
                  | potential expressed]
   281 | D        | Found a bloodstained altar of Trog.
   281 | D        | Found an ornate altar of the Wu Jian Council.
   281 | D        | Noticed a human
   281 | D        | Noticed a human
   283 | D        | Killed a human
   284 | D        | Reached skill level 22 in Stealth
   284 | D        | Killed a human
   285 | D        | Reached XP level 8. HP: 50/50 MP: 9/9
   303 | D        | Reached ** piety under Dithmenos
   304 | D        | Reached skill level 23 in Stealth
   309 | D        | Found a blossoming altar of Fedhas.
   309 | D        | Found a stormy altar of Qazlal.
   310 | D        | Found a snail-covered altar of Cheibriados.
   310 | D        | Found a burning altar of Makhleb.
   310 | D        | Found a hazy altar of Hepliaklqana.
   310 | D        | Found a shimmering altar of Xom.
   310 | D        | Found an opulent altar of Gozag.
   310 | D        | Found a sparkling altar of Nemelex Xobeh.
   310 | D        | Found a corrupted altar of Lugonu.
   310 | D        | Found a viscous altar of Jiyva.
   411 | D        | Noticed Snorg
   414 | D        | Killed Snorg
   415 | D        | Reached skill level 24 in Stealth
   424 | D        | Reached skill level 25 in Stealth
   439 | D        | Noticed a centaur warrior
   441 | D        | Reached *** piety under Dithmenos
   442 | D        | Reached XP level 9. HP: 55/55 MP: 12/12
   443 | D        | Killed a centaur warrior
   444 | D        | Reached skill level 26 in Stealth
   444 | D        | Reached skill level 5 in Invocations
   458 | D        | Noticed an unseen horror
   459 | D        | Killed an unseen horror
   462 | D        | Noticed an unseen horror
   463 | D        | Killed an unseen horror
   463 | D        | Reached **** piety under Dithmenos
   464 | D        | Reached skill level 27 in Stealth
   469 | D        | Noticed a wandering mushroom
   473 | D        | Noticed a wandering mushroom
   475 | D        | Noticed a wandering mushroom
  1328 | D        | Noticed Dowan
  1328 | D        | Noticed Duvessa
  1358 | D        | Killed Dowan
  1359 | D        | Reached skill level 5 in Fighting
  1359 | D        | Reached skill level 10 in Short Blades
  1359 | D        | Reached XP level 10. HP: 61/61 MP: 14/16
  1372 | D        | Killed Duvessa
  1570 | D        | Noticed an orc high priest
  1572 | D        | Reached ***** piety under Dithmenos
  1572 | D        | Noticed an orc high priest
  1581 | D        | Noticed a rust devil
  1583 | D        | Reached ****** piety under Dithmenos
  1777 | D        | Noticed an orc sorcerer
  1779 | D        | Killed an orc sorcerer
  1795 | D        | HP: 3/62 [orc high priest/+0 war axe (8)]
  1803 | D        | Killed an orc high priest
  1854 | D        | Killed an orc high priest
  2053 | D        | Found Uwkooliw's Weapon Boutique.
  2113 | D        | Bought a +2 dagger of venom for 158 gold pieces
  2312 | D        | Reached skill level 10 in Throwing
  2312 | D        | Reached skill level 10 in Invocations
  2312 | D        | Reached skill level 5 in Evocations
  2324 | D        | Reached skill level 5 in Dodging
  2324 | D        | Reached XP level 11. HP: 54/67 MP: 19/19
  2590 | D        | Noticed an obsidian statue
  2601 | D        | Found Botuproi's Assorted Antiques.
  2601 | D        | Found Veivefao's Magic Scroll Shop.
  2601 | D        | Found Learr's Weapon Shoppe.
  2601 | D        | Found Fantyeq's Jewellery Boutique.
  2601 | D        | Found Zisun's Antique Weapon Emporium.
  2601 | D        | Found Vonoqaxi's Antique Armour Shop.
  2601 | D        | Found Pemesm's Distillery.
  2601 | D        | Found Jeinibruz's Antique Armour Boutique.
  2602 | D        | Found Hurhatu's Book Boutique.
  2602 | D        | Found Fugyoc's Distillery.
  2602 | D        | Found Nadwohuu's Antique Weapon Emporium.
  2642 | D        | Bought a crude robe for 125 gold pieces
  2642 | D        | Identified the +3 robe of the Desert {Rampage rElec SInv
                  | Stlth-} (You bought it in a shop in the Dungeon)
  2670 | D        | Bought a shimmering robe for 142 gold pieces
  2670 | D        | Identified the +1 robe of Kleptomania {Contam Fly rN+++
                  | Will+++} (You bought it in a shop in the Dungeon)
  2759 | D        | Bought a potion of heal wounds for 85 gold pieces
  2762 | D        | Bought 2 potions of haste for 200 gold pieces
  2762 | D        | Bought a potion of heal wounds for 50 gold pieces
  2772 | D        | Noticed a crystal guardian
  2773 | D        | Killed a crystal guardian
  2775 | D        | Noticed a crystal guardian
  2775 | D        | Noticed a crystal guardian
  2775 | D        | Noticed a crystal guardian
  2776 | D        | Killed a crystal guardian
  2779 | D        | Killed a crystal guardian
  2782 | D        | Killed a crystal guardian
  2854 | D        | Noticed a centaur warrior
  2887 | D        | Killed a centaur warrior
  3084 | D        | Noticed a fire dragon
  3086 | D        | Killed a fire dragon
  3110 | D        | Noticed a +0 vampiric trident
  3110 | D        | Noticed a +3 vampiric hand axe
  3110 | D        | Noticed a +0 glaive of pain
  3111 | D        | Noticed a +5 halberd of protection
  3112 | D        | Killed a +3 vampiric hand axe
  3114 | D        | Killed a +5 halberd of protection
  3116 | D        | Killed a +0 vampiric trident
  3118 | D        | Killed a +0 glaive of pain
  3145 | D        | Noticed a yaktaur captain
  3148 | D        | Reached XP level 12. HP: 75/75 MP: 22/22
  3171 | D        | Reached skill level 10 in Dodging
  3227 | D        | Killed a yaktaur captain
  3576 | D        | Noticed Chuck
  3600 | D        | Killed Chuck
  3801 | D        | Noticed Frederick
  3807 | D        | Killed Frederick
  3835 | D        | Noticed a lich
  4023 | D        | Killed a lich
  4024 | D        | Reached skill level 15 in Throwing
  4092 | D        | Noticed a shadow dragon
  4092 | D        | Noticed an ogre mage
  4092 | D        | Noticed a shadow dragon
  4098 | D        | Killed a shadow dragon
  4099 | D        | Killed an ogre mage
  4101 | D        | Killed a shadow dragon
  4118 | D        | Noticed a two-headed ogre
  4118 | D        | a steelbarb worm changed into a two-headed ogre
  4604 | D        | Noticed a bone dragon
  4606 | D        | Killed a bone dragon
  4619 | D        | Reached XP level 13. HP: 74/85 MP: 23/25
  4632 | D        | Noticed a vampire knight
  4634 | D        | Killed a vampire knight
  4635 | D        | Reached skill level 10 in Evocations
  4641 | D        | Noticed a bone dragon
  4643 | D        | Killed a bone dragon
  4644 | D        | Reached skill level 10 in Fighting
  4644 | D        | Reached skill level 15 in Invocations
  4657 | D        | Reached skill level 15 in Short Blades
  4694 | D        | Killed themself with a badly aimed burst of rock shards

Illustrated notes

Levels and vault maps discovered:
D:        dungeon_sprint_mu [sprint_mu_entry_cave, sprint_mu_temple_rooms,
          sprint_mu_d1_horrors, sprint_mu_d2_genie, sprint_mu_d3_branching,
          sprint_mu_orc_legion, sprint_mu_elf_gauntlet, sprint_mu_hive_nellie,
          sprint_mu_lair_fedhas, sprint_mu_vaults_butterflies,
          sprint_mu_slime_circle, sprint_mu_swamp_cave, sprint_mu_snake_twists,
          sprint_mu_blade_basic, sprint_mu_crypt_chambers,
          sprint_mu_tomb_spiral, sprint_mu_vestibule_basic,
          sprint_mu_gehenna_hellfire, sprint_mu_dis_giant,
          sprint_mu_tartarus_statrot, sprint_mu_cocytus_islands, sprint_mu_zot1]

Skill      XL: |  1  2  3  4  5  6  7  8  9 10 11 12 13 |
---------------+----------------------------------------+-----
Stealth        | 9 11 12 14 21 22 25 27 | 27.0
Fighting       | 2 3 4 5 6 7 9 10 | 10.2
Short Blades   | 3 4 6 7 8 10 11 12 14 15 | 15.1
Throwing       | 3 5 7 10 13 15 | 15.6
Dodging        | 2 3 5 9 13 14 | 14.7
Invocations    | 3 7 10 12 14 15 | 15.1
Evocations     | 2 5 8 9 10 | 10.2

Action                   |  1- 3 |  4- 6 |  7- 9 | 10-12 | 13-15 || total
-------------------------+-------+-------+-------+-------+-------++-------
Melee: Dagger            |     5 |     6 |    71 |   130 |       ||   212
       Punch             |       |       |     2 |       |       ||     2
       Rapier            |       |       |       |   114 |    25 ||   139
Throw: Dart              |     1 |       |    25 |    22 |       ||    48
Invok: Shadow Step       |       |       |       |     4 |       ||     4
Evoke: Wand              |       |       |     4 |     2 |       ||     6
       Tin of tremorston |       |       |     2 |     8 |       ||    10
  Use: Potion            |       |     3 |     1 |     5 |       ||     9
       Scroll            |       |       |     1 |       |       ||     1
 Stab: Sleeping          |     4 |     6 |    11 |    31 |     5 ||    57
       Distracted        |       |       |       |     1 |       ||     1
Armor: Robe              |       |       |     2 |     9 |       ||    11
Dodge: Dodged            |       |       |    29 |    94 |     6 ||   129

Table legend: (Time is in decaauts)
 A = Elapsed time spent in this place.
 B = Non-inter-level travel time spent in this place.
 C = Inter-level travel time spent in this place.
 D = Time resting spent in this place.
 E = Time spent auto-exploring this place.
 F = Levels seen in this place.
 G = Mean time per level.
                   A        B        C        D        E       F      G
               +--------+--------+--------+--------+--------+-----+--------+
         Total |   4085 |   4085 |      0 |   2817 |    149 |   1 | 4085.0 |
       Dungeon |   4085 |   4085 |      0 |   2817 |    149 |   1 | 4085.0 |
               +--------+--------+--------+--------+--------+-----+--------+

Top non-repeatable levels by time:
       D: 4085 daAuts
